 Dungeon Crawl Stone Soup version 0.27.0-1-g7a089689b8 (console) character file.

Game seed: 17307318992001681610

417 jejorda2 the Sneak (level 6, -1/57 HPs)
             Began as a Deep Dwarf Delver on Aug 12, 2021.
             Slain by a gnoll sergeant (6 damage)
             ... on level 5 of the Dungeon.
             The game lasted 00:05:06 (289 turns).

jejorda2 the Sneak (Deep Dwarf Delver)               Turns: 289, Time: 00:05:06

Health: -1/57      AC:  9    Str: 17    XL:     6   Next: 61%
Magic:  5/5        EV:  7    Int: 11    God:
Gold:   0          SH:  0    Dex: 14    Spells: 5/5 levels left

rFire    . . .     SeeInvis .   a - +0 whip (elec)
rCold    . . .     Faith    .   (no shield)
rNeg     . . .     Spirit   .   i - +0 chain mail
rPois    .         Reflect  .   (no helmet)
rElec    .         Harm     .   (no cloak)
rCorr    .         Rampage  .   (no gloves)
Will     .....                  (no boots)
Stlth    ..........             (no amulet)
HPRegen  0.00/turn              (no ring)
MPRegen  0.09/turn              (no ring)

@: no status effects
A: damage resistance, heal wounds, sense surroundings 1, no regeneration
a: Heal Wounds


You were on level 5 of the Dungeon.
You visited 1 branch of the dungeon, and saw 1 of its levels.

Inventory:

Hand Weapons
 a - a +0 whip of electrocution (weapon)
 b - a +1 flail of protection
 w - a +0 antimagic whip
Missiles
 j - 2 throwing nets
Armour
 i - a +0 chain mail (worn)
Wands
 g - a wand of digging (3)
 h - a wand of iceblast (1)
Scrolls
 c - a scroll of fog
 d - a scroll of magic mapping
 e - a scroll of fear
Potions
 f - a potion of haste
 k - a potion of cancellation {unknown}


   Skills:
 + Level 4.1 Fighting
 * Level 5.2 Maces & Flails
 + Level 3.4 Armour
 - Level 2.1 Dodging
 - Level 6.0 Stealth


You had 5 spell levels left.
You didn't know any spells.
Your spell library was empty.

Dungeon Overview and Level Annotations

Branches:
Dungeon (5/15)
 Temple: D:4-7

Altars:


Innate Abilities, Weirdness & Mutations

You are resistant to damage.
You can heal yourself by infusing magical energy.
You passively map a small area around you.
You do not regenerate.


Message History

Unknown command.
Items here: ) †.
Items here: )) ††.
Items here: ) [.
Items here: ) †.
A gnoll sergeant comes into view.
It is wielding a +6 trident of holy wrath.
The gnoll sergeant shouts!
You hear a shout!
A gnoll comes into view. It is wielding a +0 spear.
The gnoll shouts!
You hear a shout!
The gnoll sergeant hits you but does no damage.
A gnoll comes into view. It is wielding a +0 spear.
The gnoll sergeant hits you with a +6 trident of holy wrath!
You hit the gnoll sergeant but do no damage.
The gnoll sergeant hits you with a +6 trident of holy wrath!
You barely miss the gnoll sergeant.
The gnoll sergeant hits you but does no damage.
You hit the gnoll sergeant.
Lightning courses through the gnoll sergeant!
The gnoll sergeant is severely wounded.
You hit the gnoll sergeant but do no damage.
The gnoll sergeant is severely wounded.
The gnoll sergeant hits you with a +6 trident of holy wrath!
The gnoll barely misses you.
You closely miss the gnoll sergeant.
The gnoll sergeant is severely wounded.
The gnoll sergeant hits you with a +6 trident of holy wrath.
* * * LOW HITPOINT WARNING * * *
The gnoll hits you but does no damage.
You hit the gnoll sergeant.
The gnoll sergeant is severely wounded.
The gnoll sergeant hits you with a +6 trident of holy wrath!
* * * LOW HITPOINT WARNING * * *
The gnoll barely misses you.
You fail to use your ability.
The gnoll sergeant hits you with a +6 trident of holy wrath!
* * * LOW HITPOINT WARNING * * *
The gnoll hits you but does no damage.
You fail to use your ability.
The gnoll sergeant hits you with a +6 trident of holy wrath!
You die...

# #######.##.#*
, ,, ,
####........#.#
*
...#.########.#
, #### * #.# ,
* ,,,* #.# * *
* , * #.#, ,, ,
, * #.# , , * ,
##.#########. *
, #....@ggg....
, *
############.,
* , * * , *


You could see a gnoll sergeant and 2 gnolls.

Vanquished Creatures
  Eustachio (D:5)
  An ice beast (D:5)
  A gnoll sergeant (D:5)
  A gnoll shaman (D:5)
  10 gnolls (D:5)
14 creatures vanquished.

Notes
Turn   | Place    | Note
-------+----------+-------------------------------------------
     0 | D:5      | jejorda2 the Deep Dwarf Delver began the quest for the Orb.
     0 | D:5      | Reached XP level 1. HP: 20/20 MP: 1/1
    96 | D:5      | Noticed a gnoll sergeant
    98 | D:5      | Reached XP level 2. HP: 27/27 MP: 2/2
    99 | D:5      | Reached skill level 1 in Armour
    99 | D:5      | Reached XP level 3. HP: 34/34 MP: 3/3
    99 | D:5      | Killed a gnoll sergeant
   100 | D:5      | Reached XP level 4. HP: 42/42 MP: 4/4
   123 | D:5      | Noticed an ice beast
   124 | D:5      | Noticed Eustachio
   146 | D:5      | Reached XP level 5. HP: 40/49 MP: 4/4
   165 | D:5      | Killed an ice beast
   172 | D:5      | Reached XP level 6. HP: 31/57 MP: 5/5
   211 | D:5      | Killed Eustachio
   212 | D:5      | Reached skill level 5 in Maces & Flails
   289 | D:5      | Slain by a gnoll sergeant

Illustrated notes

Levels and vault maps discovered:
D:5:      layout_basic, st_stairs_4, bh_walls_and_bars, uniq_eustachio

Skill      XL: |  1  2  3  4  5  6 |
---------------+-------------------+-----
Fighting       | 3 4 |  4.1
Armour         | 1 2 3 |  3.4
Maces & Flails | 3 4 5 |  5.2
Dodging        | |  2.1
Stealth        | |  6.0

Action                   |  1- 3 |  4- 6 || total
-------------------------+-------+-------++-------
Melee: Whip              |       |    74 ||    74
 Abil: Heal Wounds       |       |     4 ||     4
Evoke: Wand              |     3 |     3 ||     6
Armor: Chain mail        |       |    32 ||    32
Dodge: Dodged            |       |    29 ||    29
